 Dungeon Crawl Stone Soup version 0.26.1-11-gd32895ea62 (webtiles) character file.

Game seed: 4157705320271033694

338 Almogavar the Conjurer (level 6, -5/45 HPs)
             Began as a Draconian Conjurer on May 16, 2021.
             Slain by Almogavar's ghost (6 damage)
             ... on level 2 of the Dungeon.
             The game lasted 00:13:06 (3250 turns).

Almogavar the Conjurer (Draconian Conjurer)         Turns: 3250, Time: 00:13:06

Health: -5/45      AC:  7    Str:  9    XL:     6   Next: 29%
Magic:  0/11       EV: 12    Int: 21    God:
Gold:   211        SH:  0    Dex:  9    Spells: 9/12 levels left

rFire    . . .     SeeInvis .   e - +0 dagger (pain)
rCold    . . .     Faith    .   (no shield)
rNeg     . . .     Spirit   .   (armour unavailable)
rPois    +         Reflect  .   (helmet restricted)
rElec    .         Harm     .   (no cloak)
rCorr    .         Rampage  .   g - +0 pair of gloves (curse)
Will     .....                  (no boots)
Stlth    +++.......             (no amulet)
HPRegen  0.15/turn              p - ring of poison resistance
MPRegen  0.12/turn              m - ring of stealth

@: mighty
A: unfitting armour, cold-blooded, AC +6
a: no special abilities


You were on level 2 of the Dungeon.
You visited 1 branch of the dungeon, and saw 3 of its levels.

You collected 211 gold pieces.

Inventory:

Hand Weapons
 e - a +0 dagger of pain (weapon)
 o - a +2 flail of holy wrath
Armour
 g - a cursed +0 pair of gloves (worn)
Jewellery
 k - an uncursed ring of see invisible
 m - a ring of stealth (right hand)
 p - a ring of poison resistance (left hand)
Wands
 h - a wand of flame (22)
Scrolls
 b - a scroll of teleportation
 d - a scroll of amnesia {unknown}
 f - 3 scrolls of identify {unknown}
 j - 3 scrolls of remove curse {unknown}
 l - a scroll of fear {unknown}
 n - a scroll of blinking {unknown}
Potions
 a - a potion of ambrosia {unknown}
 c - a potion of curing
 i - a potion of might


   Skills:
 + Level 1.2 Short Blades
 + Level 2.4 Dodging
 + Level 2.1 Stealth
 + Level 3.8 Spellcasting
 + Level 6.0 Conjurations


You had 9 spell levels left.
You knew the following spells:

 Your Spells              Type           Power        Failure   Level
a - Magic Dart            Conj           100%         1%          1
b - Searing Ray           Conj           58%          1%          2

Your spell library contained the following spells:

 Spells                   Type           Power        Failure   Level
 Dazzling Flash           Conj/Hex       32%          11%         3
 Animate Skeleton         Necr           8%           12%         1
 Apportation              Tloc           8%           12%         1
 Corona                   Hex            4%           12%         1
 Summon Small Mammal      Summ           16%          12%         1
 Fulminant Prism          Conj/Hex       8%           34%         4
 Iskenderun's Mystic Bla  Conj/Tloc      16%          34%         4


Dungeon Overview and Level Annotations

Branches:
Dungeon (3/15)

Altars:
Ashenzari
Cheibriados
Trog

Annotations:
D:2 Almogavar's ghost, amateur BaFi


Innate Abilities, Weirdness & Mutations

Your plain brown scales are hard. (AC +6)
You cannot fit into any form of body armour.
You are cold-blooded and may be slowed by cold attacks.


Message History

Almogavar's ghost is severely damaged. (Press . to maintain the ray.) Almogavar's ghost hits you.
The searing ray hits Almogavar's ghost.
Almogavar's ghost is severely damaged.
Almogavar's ghost hits you!
* * * LOW HITPOINT WARNING * * *
The searing ray hits Almogavar's ghost.
Almogavar's ghost is almost destroyed.
Almogavar's ghost hits you.
* * * LOW HITPOINT WARNING * * *
You barely miss Almogavar's ghost.
Almogavar's ghost is almost destroyed.
Almogavar's ghost says, "I died to destroy people like you for fun."
Almogavar's ghost hits you!
* * * LOW HITPOINT WARNING * * *
You hit Almogavar's ghost.
Almogavar's ghost is almost destroyed.
Almogavar's ghost hits you.
You die...

#.# ######.###.####<.# ## #.#
#.......##..#####. ###.#
#####.#........... ....########
#.#####.#..... ###....(...#
#.###......... #........#
###.#.......#### ##.......#
#.......##### #
#.......#######.......# #
#..#######.)W@........# #
##.###.....####.......# #
#####.##..#####....#.....# #
.........####..<####...### #
#####..##.....####....## ##
###.......#####(.<....# ##.
.....#.########.###.#.## #..
###......(..##..###.#..## ####.#
##.......#.........##..####....#


You could see Almogavar's ghost.

Vanquished Creatures
  An ice beast (D:3)
  3 orc priests (D:3)
  An orc wizard (D:3)
  6 adders
  An ooze (D:3)
  2 worms (D:2)
  A dart slug (D:2)
  A leopard gecko (D:1)
  6 orcs (D:3)
  A ball python (D:1)
  4 giant cockroaches (D:3)
  4 goblins
  7 hobgoblins
  2 jackals (D:1)
  7 kobolds
  6 bats
  4 frilled lizards
  8 rats
65 creatures vanquished.

Notes
Turn   | Place    | Note
-------+----------+-------------------------------------------
     0 | D:1      | Almogavar the Draconian Conjurer began the quest for the
                  | Orb.
     0 | D:1      | Reached XP level 1. HP: 14/14 MP: 3/3
   321 | D:1      | Reached XP level 2. HP: 20/20 MP: 0/5
   479 | D:1      | Learned a level 2 spell: Searing Ray
   618 | D:1      | Found a broken altar of Ashenzari.
   800 | D:2      | Reached XP level 3. HP: 26/26 MP: 2/6
  1077 | D:2      | Reached skill level 5 in Conjurations
  1669 | D:3      | Reached XP level 4. HP: 33/33 MP: 3/7
  1877 | D:3      | Reached XP level 5. HP: 38/38 MP: 5/9
  2057 | D:3      | Reached skill level 1 in Short Blades
  2451 | D:3      | Noticed an ice beast
  2465 | D:3      | Killed an ice beast
  2466 | D:3      | Reached skill level 6 in Conjurations
  2466 | D:3      | Reached XP level 6. HP: 45/45 MP: 4/11
  2549 | D:3      | Found a runed translucent gate.
  2549 | D:3      | Found a runed translucent gate.
  2549 | D:3      | Found a runed translucent gate.
  2550 | D:3      | Noticed Almogavar's ghost (amateur BaFi)
  2700 | D:3      | Found a bloodstained altar of Trog.
  2793 | D:3      | Found a snail-covered altar of Cheibriados.
  3249 | D:2      | HP: 1/45 [Almogavar's ghost (8)]
  3250 | D:2      | Slain by Almogavar's ghost

Illustrated notes

Levels and vault maps discovered:
D:1:      dpeg_arrival_tiny_b, layout_rooms, serial_bayou_pond_e,
          ashenzari_altar_1
D:2:      layout_rooms
D:3:      minmay_recursive_quarters, layout_basic, lemuel_crystal_altar,
          ebering_ghost_rock_garden, trog_three_pillars_becter

Skill      XL: |  1  2  3  4  5 |
---------------+----------------+-----
Conjurations   | 5 6 |  6.0
Dodging        | 2 |  2.4
Stealth        | 2 |  2.1
Spellcasting   | 3 |  3.8
Short Blades   | 1 |  1.2

Action                   |  1- 3 |  4- 6 || total
-------------------------+-------+-------++-------
Melee: Dagger            |    34 |    11 ||    45
       Tailslap          |       |     1 ||     1
 Cast: Magic Dart        |    47 |    31 ||    78
       Searing Ray       |     9 |    15 ||    24
  Use: Scroll            |     1 |     1 ||     2
       Potion            |       |     2 ||     2
Armor: Skin              |    21 |     6 ||    27
Dodge: Dodged            |    37 |    13 ||    50
